PBL
NEW YORK METS @ ST. LOUIS CARDINALS
05/02/2071
 
TOP OF THE 1ST
New York Mets batting - Pitching for St. Louis Cardinals : RHP Kenny Jacobs
Pitching: RHP Kenny Jacobs
Batting: RHB Troy Day 0-0: Ball
1-0: Ball
2-0: Foul Ball, location: 2F
2-1: Foul Ball, location: 5F
2-2: Fly out, F8 (Flyball, 8RD, EV 87.5 MPH)
Batting: LHB Gustavo Costello 0-0: Ball
1-0: Ball
2-0: Foul Ball, location: 7LSF
2-1: Swinging Strike
2-2: Strikes out swinging
Batting: RHB Rich Stairs 0-0: Fly out, F3 (Popup, 3F, EV 61.3 MPH)
Top of the 1st over - 0 runs, 0 hits, 0 errors, 0 left on base; New York 0 - St. Louis 0
BOTTOM OF THE 1ST
St. Louis Cardinals batting - Pitching for New York Mets : LHP Felipe Leal
Pitching: LHP Felipe Leal
Batting: RHB Zg Odhiambo 0-0: Called Strike
0-1: Ball
1-1: Called Strike
1-2: Ball
2-2: Ball
3-2: Base on Balls
Batting: RHB Ric Hodges 0-0: Foul Ball, location: 2F
0-1: Called Strike
0-2: Ball
1-2: Strikes out looking
Batting: RHB Leland Vogler 0-0: Called Strike
0-1: Foul Ball, location: 7LSF
0-2: Strikes out looking
Batting: RHB David Stevens 0-0: Ball
1-0: Foul Ball, location: 2F
1-1: Ball
2-1: SINGLE (Groundball, 4MD, EV 100.6 MPH)
Zg Odhiambo to second
Runner from 2nd tries for 3rd, SAFE, no throw by CF
Batting: LHB Jeremy Dalton 0-0: Called Strike
0-1: Swinging Strike
0-2: Ball
1-2: Strikes out swinging
Bottom of the 1st over - 0 runs, 1 hit, 0 errors, 2 left on base; New York 0 - St. Louis 0
TOP OF THE 2ND
New York Mets batting - Pitching for St. Louis Cardinals : RHP Kenny Jacobs
Batting: LHB Bob Mack 0-0: Ball
1-0: Called Strike
1-1: Called Strike
1-2: SINGLE (Line Drive, 8LS, EV 94.4 MPH)
Batting: RHB Yoriyuki Iwata 0-0: Ball
1-0: Grounds into double play, 6-4-3 (Groundball, 6, EV 107.5 MPH)
Batting: RHB Jack McConnell 0-0: Ball
1-0: Foul Ball, location: 7LMF
1-1: Swinging Strike
1-2: Strikes out swinging
Top of the 2nd over - 0 runs, 1 hit, 0 errors, 0 left on base; New York 0 - St. Louis 0
BOTTOM OF THE 2ND
St. Louis Cardinals batting - Pitching for New York Mets : LHP Felipe Leal
Batting: LHB Víctor Becerra 0-0: Foul Ball, location: 9LDF
0-1: Ball
1-1: Called Strike
1-2: Ball
2-2: Ball
3-2: Foul Ball, location: 3F
3-2: Foul Ball, location: 2F
3-2: Base on Balls
Batting: RHB Hua Tu 0-0: Ball
1-0: Foul Ball, location: 9LMF
1-1: Grounds into double play, 6-4-3 (Groundball, 6MD, EV 103.8 MPH)
Batting: LHB Mike Vega 0-0: Ball
1-0: Ball
2-0: Called Strike
2-1: Foul Ball, location: 3F
2-2: Ball
3-2: SINGLE (Line Drive, 7LS, EV 106.3 MPH)
Batting: LHB Steve Rivera 0-0: Called Strike
0-1: Fly out, F8 (Flyball, 78S, EV 85.6 MPH)
Bottom of the 2nd over - 0 runs, 1 hit, 0 errors, 1 left on base; New York 0 - St. Louis 0
TOP OF THE 3RD
New York Mets batting - Pitching for St. Louis Cardinals : RHP Kenny Jacobs
Batting: SHB Michael Herrnbe 0-0: Foul Ball, location: 2F
0-1: Called Strike
0-2: Foul Ball, location: 3F
0-2: Ball
1-2: Strikes out looking
Batting: RHB Jerome Morales 0-0: Called Strike
0-1: Ground out 5-3 (Groundball, 5L, EV 80.0 MPH)
Batting: RHB José Ramírez 0-0: Ball
1-0: Foul Ball, location: 2F
1-1: Ball
2-1: Foul Ball, location: 2F
2-2: Strikes out swinging
Top of the 3rd over - 0 runs, 0 hits, 0 errors, 0 left on base; New York 0 - St. Louis 0
BOTTOM OF THE 3RD
St. Louis Cardinals batting - Pitching for New York Mets : LHP Felipe Leal
Batting: RHB Zg Odhiambo 0-0: Foul Ball, location: 5SF
0-1: Ball
1-1: Ball
2-1: Fly out, F9 (Flyball, 89M, EV 95.0 MPH)
Batting: RHB Ric Hodges 0-0: Foul Ball, location: 5DF
0-1: Ball
1-1: Swinging Strike
1-2: Foul Ball, location: 9LDF
1-2: Ball
2-2: Foul Ball, location: 2F
2-2: Ball
3-2: Base on Balls
Batting: RHB Leland Vogler 0-0: Foul Ball, location: 2F
0-1: DOUBLE (Groundball, 5L, EV 102.5 MPH)
Ric Hodges to third
Batting: RHB David Stevens 0-0: Swinging Strike
0-1: Foul Ball, location: 2RF
0-2: Strikes out swinging
Batting: LHB Jeremy Dalton 0-0: Called Strike
0-1: Called Strike
0-2: Fly out, F9 (Flyball, 9D, EV 105.6 MPH)
Bottom of the 3rd over - 0 runs, 1 hit, 0 errors, 2 left on base; New York 0 - St. Louis 0
TOP OF THE 4TH
New York Mets batting - Pitching for St. Louis Cardinals : RHP Kenny Jacobs
Batting: RHB Troy Day 0-0: Ground out 5-3 (Groundball, 56S, EV 63.1 MPH)
Batting: LHB Gustavo Costello 0-0: Fly out, F8 (Flyball, 8RM, EV 89.4 MPH)
Batting: RHB Rich Stairs 0-0: Fly out, F9 (Flyball, 9D, EV 102.5 MPH)
Top of the 4th over - 0 runs, 0 hits, 0 errors, 0 left on base; New York 0 - St. Louis 0
BOTTOM OF THE 4TH
St. Louis Cardinals batting - Pitching for New York Mets : LHP Felipe Leal
Batting: LHB Víctor Becerra 0-0: Ball
1-0: Ball
2-0: Ball
3-0: Called Strike
3-1: Foul Ball, location: 23F
3-2: Foul Ball, location: 7LSF
3-2: Base on Balls
Batting: RHB Hua Tu 0-0: SINGLE (Line Drive, 6D, EV 96.3 MPH)
Víctor Becerra to second
Batting: LHB Mike Vega 0-0: Ground out 6-3 (Groundball, P, EV 88.1 MPH)
Víctor Becerra to third
Hua Tu to second
Batting: LHB Steve Rivera 0-0: Foul Ball, location: 7LSF
0-1: Ball
1-1: Ball
2-1: Swinging Strike
2-2: Ball
3-2: Fly out, F7 (Flyball, 7, EV 90.0 MPH)
Runner from 3rd tags up, SCORES, throw by LF
Batting: RHB Zg Odhiambo 0-0: Called Strike
0-1: Ball
1-1: Ball
2-1: Foul Ball, location: 2RF
2-2: Strikes out swinging
Bottom of the 4th over - 1 run, 1 hit, 0 errors, 1 left on base; New York 0 - St. Louis 1
TOP OF THE 5TH
New York Mets batting - Pitching for St. Louis Cardinals : RHP Kenny Jacobs
Batting: LHB Bob Mack 0-0: Ball
1-0: Called Strike
1-1: Swinging Strike
1-2: Fly out, F7 (Flyball, 78S, EV 73.8 MPH)
Batting: RHB Yoriyuki Iwata 0-0: Called Strike
0-1: Ground out 6-3 (Groundball, 6, EV 100.0 MPH)
Batting: RHB Jack McConnell 0-0: Called Strike
0-1: Swinging Strike
0-2: Fly out, F3 (Popup, 34S, EV 72.5 MPH)
Top of the 5th over - 0 runs, 0 hits, 0 errors, 0 left on base; New York 0 - St. Louis 1
BOTTOM OF THE 5TH
St. Louis Cardinals batting - Pitching for New York Mets : LHP Felipe Leal
Batting: RHB Ric Hodges 0-0: Ball
1-0: Ball
2-0: Ground out 5-3 (Groundball, 56, EV 105.0 MPH)
Batting: RHB Leland Vogler 0-0: Ground out 5-3 (Groundball, 56S, EV 68.8 MPH)
Batting: RHB David Stevens 0-0: Ground out 1-3 (Groundball, 13S, EV 63.8 MPH)
Bottom of the 5th over - 0 runs, 0 hits, 0 errors, 0 left on base; New York 0 - St. Louis 1
TOP OF THE 6TH
New York Mets batting - Pitching for St. Louis Cardinals : RHP Kenny Jacobs
Batting: SHB Michael Herrnbe 0-0: Foul Ball, location: 2F
0-1: Foul Ball, location: 7LDF
0-2: Ball
1-2: Strikes out swinging
Batting: RHB Jerome Morales 0-0: Ground out 5-3 (Groundball, 56, EV 100.6 MPH)
Batting: RHB José Ramírez 0-0: Ball
1-0: Foul Ball, location: 2F
1-1: Ball
2-1: Foul Ball, location: 5FF
2-2: Ball
3-2: Fly out, F7 (Flyball, 78XD, EV 104.4 MPH)
Top of the 6th over - 0 runs, 0 hits, 0 errors, 0 left on base; New York 0 - St. Louis 1
BOTTOM OF THE 6TH
St. Louis Cardinals batting - Pitching for New York Mets : LHP Felipe Leal
Batting: LHB Jeremy Dalton 0-0: DOUBLE (Flyball, 8LXD, EV 104.4 MPH)
Batting: LHB Víctor Becerra 0-0: Ball
1-0: Ball
2-0: Ball
3-0: Called Strike
3-1: Ground out 6-3 (Groundball, 6D, EV 103.1 MPH)
Batting: RHB Hua Tu 0-0: 2-RUN HOME RUN (Flyball, 8LXD, EV 111.9 MPH), Distance : 431 ft
Batting: LHB Mike Vega 0-0: Called Strike
0-1: Foul Ball, location: 5FF
0-2: Ground out 6-3 (Groundball, 6, EV 108.1 MPH)
Batting: LHB Steve Rivera 0-0: Swinging Strike
0-1: Foul Ball, location: 2F
0-2: Strikes out swinging
Bottom of the 6th over - 2 runs, 2 hits, 0 errors, 0 left on base; New York 0 - St. Louis 3
TOP OF THE 7TH
New York Mets batting - Pitching for St. Louis Cardinals : RHP Kenny Jacobs
Batting: RHB Troy Day 0-0: Ground out 6-3 (Groundball, 6MD, EV 100.0 MPH)
Batting: LHB Gustavo Costello 0-0: Ground out 6-3 (Groundball, 6MS, EV 88.1 MPH)
Batting: RHB Rich Stairs 0-0: Called Strike
0-1: Foul Ball, location: 9LDF
0-2: Foul Ball, location: 2F
0-2: Ball
1-2: Ball
2-2: Foul Ball, location: 7LSF
2-2: SOLO HOME RUN (Flyball, 7D, EV 95.0 MPH), Distance : 376 ft
Batting: LHB Bob Mack 0-0: Ground out 1-3 (Groundball, 15S, EV 66.9 MPH)
Top of the 7th over - 1 run, 1 hit, 0 errors, 0 left on base; New York 1 - St. Louis 3
BOTTOM OF THE 7TH
St. Louis Cardinals batting - Pitching for New York Mets : LHP Felipe Leal
Pitching: RHP Steve Swift
Batting: RHB Zg Odhiambo 0-0: Foul Ball, location: 2F
0-1: Swinging Strike
0-2: Foul Ball, location: 3F
0-2: Strikes out swinging
Batting: RHB Ric Hodges 0-0: Ground out 6-3 (Groundball, 6M, EV 91.9 MPH)
Batting: RHB Leland Vogler 0-0: SINGLE (Groundball, 6MD, EV 101.9 MPH)
Batting: RHB David Stevens 0-0: Called Strike
0-1: Foul Ball, location: 2F
0-2: Foul Ball, location: 2F
0-2: Ground out 4-3 (Groundball, 4, EV 84.4 MPH)
Bottom of the 7th over - 0 runs, 1 hit, 0 errors, 1 left on base; New York 1 - St. Louis 3
TOP OF THE 8TH
New York Mets batting - Pitching for St. Louis Cardinals : RHP Kenny Jacobs
Batting: RHB Yoriyuki Iwata 0-0: Swinging Strike
0-1: Ball
1-1: Ball
2-1: SINGLE (Line Drive, 6MD, EV 68.8 MPH)
Batting: RHB Jack McConnell 0-0: DOUBLE (Line Drive, 89D, EV 104.4 MPH)
Yoriyuki Iwata to third
Batting: SHB Michael Herrnbe 0-0: Called Strike
0-1: Ball
1-1: Ball
2-1: Ball
3-1: Foul Ball, location: 2F
3-2: Foul Ball, location: 2F
3-2: Foul Ball, location: 2F
3-2: Strikes out looking
Pitching: LHP Juan Aguilar
Batting: RHB Jerome Morales 0-0: Ball
1-0: Foul Ball, location: 2F
1-1: Swinging Strike
1-2: Ball
2-2: Fielders Choice at home, 6-2 (Groundball, 6M, EV 98.8 MPH)
Jack McConnell to third
Batting: RHB José Ramírez 0-0: Ball
1-0: Foul Ball, location: 7LMF
1-1: Foul Ball, location: 5F
1-2: Ball
2-2: Ball
3-2: Base on Balls
Jerome Morales to second
Batting: RHB Troy Day 0-0: Ball
1-0: Ball
2-0: Called Strike
2-1: Foul Ball, location: 25F
2-2: SINGLE (Line Drive, 9S, EV 104.4 MPH)
Jack McConnell scores
Jerome Morales to third
José Ramírez to second
Runner from 3rd tries for Home, SAFE, throw by RF to home
Pinch Hitting: RHB Ricardo Cantú 0-0: Swinging Strike
0-1: Ball
1-1: Foul Ball, location: 2F
1-2: Strikes out swinging
Top of the 8th over - 2 runs, 3 hits, 0 errors, 2 left on base; New York 3 - St. Louis 3
BOTTOM OF THE 8TH
St. Louis Cardinals batting - Pitching for New York Mets : RHP Steve Swift
Now in CF: Tsuneari Yamaguchi
Batting: LHB Jeremy Dalton 0-0: Called Strike
0-1: Foul Ball, location: 3FF
0-2: Foul Ball, location: 9LSF
0-2: Ground out 6-3 (Groundball, 6, EV 96.9 MPH)
Batting: LHB Víctor Becerra 0-0: Ball
1-0: DOUBLE (Flyball, 8LXD, EV 112.5 MPH)
Batting: RHB Hua Tu 0-0: Called Strike
0-1: Ball
1-1: Called Strike
1-2: Ball
2-2: Ground out 6-3 (Groundball, 6, EV 89.4 MPH)
Batting: LHB Mike Vega 0-0: Ball
1-0: Ball
2-0: Foul Ball, location: 2F
2-1: Foul Ball, location: 2F
2-2: Ground out 3-1 (Groundball, 13, EV 80.0 MPH)
Bottom of the 8th over - 0 runs, 1 hit, 0 errors, 1 left on base; New York 3 - St. Louis 3
TOP OF THE 9TH
New York Mets batting - Pitching for St. Louis Cardinals : LHP Juan Aguilar
Pitching: RHP Eitoku Kishita
Batting: RHB Rich Stairs 0-0: SOLO HOME RUN (Flyball, 7LD, EV 94.4 MPH), Distance : 362 ft
Batting: LHB Bob Mack 0-0: Ball
1-0: Called Strike
1-1: Ball
2-1: SINGLE (Line Drive, 9S, EV 92.5 MPH)
Batting: RHB Yoriyuki Iwata 0-0: Ball
1-0: Called Strike
1-1: Foul Ball, location: 2F
1-2: Ball
2-2: Foul Ball, location: 5F
2-2: Foul Ball, location: 25F
2-2: Strikes out swinging
Batting: RHB Jack McConnell 0-0: Ball
1-0: Foul Ball, location: 2F
1-1: Foul Ball, location: 2F
1-2: Strikes out swinging
Batting: SHB Michael Herrnbe 0-0: Ball
1-0: Ball
2-0: Called Strike
2-1: Ground out 2-3 (Groundball, 2R, EV 61.3 MPH)
Top of the 9th over - 1 run, 2 hits, 0 errors, 1 left on base; New York 4 - St. Louis 3
BOTTOM OF THE 9TH
St. Louis Cardinals batting - Pitching for New York Mets : RHP Steve Swift
Pitching: LHP Pablo Suárez
Pinch Hitting: SHB Emiliano Girometta 0-0: Foul Ball, location: 5F
0-1: Ball
1-1: Ball
2-1: SINGLE (Line Drive, 7S, EV 89.4 MPH)
Batting: RHB Zg Odhiambo 0-0: Swinging Strike
0-1: Ball
1-1: Grounds into double play, 4-6-3 (Groundball, 34, EV 83.1 MPH)
Batting: RHB Ric Hodges 0-0: Ball
1-0: Foul Ball, location: 2F
1-1: Called Strike
1-2: Ball
2-2: Ground out 6-3 (Groundball, 6, EV 83.8 MPH)
Bottom of the 9th over - 0 runs, 1 hit, 0 errors, 0 left on base; New York 4 - St. Louis 3
Thursday, April 11th , 2024 - OOTP Baseball 24.10 Build 82